Map: [ESL] Site Delta

Players

Dark - Winner!

  • Race: Zerg Zerg
  • Spawn Location: 5:00

SHIN

  • Race: Zerg Zerg
  • Spawn Location: 11:00

Event: IEM Katowice 2024

VOD

Have the link to the VOD?

Description

Time

  • Played on: Feb. 11, 2024, 6:31 a.m.
  • Length: 15:20

All games in this series

Show
View Real Time Build Order
Export as new Build Order

Dark Zerg - Winner!

Build Orders: Hatch First 

Get SALT Encoding   

  12  0:00  Drone  
  13  0:12  Overlord  
  13  0:16  Drone  
  14  0:30  Drone x2  
  16  0:48  Hatchery  
  15  0:51  Drone  
  15  0:54  Drone  
  17  0:57  Drone  
  18  1:08  Extractor  
  17  1:13  Spawning Pool  
  17  1:15  Drone  
  17  1:19  Drone  
  18  1:28  Drone  
  19  1:38  Drone  
  20  1:51  Drone  
  21  1:59  Queen x2  
  21  2:00  Overlord  
  25  2:01  Drone  
  26  2:11  Drone x2  
  28  2:23  Drone  
  28  2:25  Drone  
  30  2:33  Overlord  
  30  2:34  Drone  
  30  2:35  Queen  
  33  2:38  Lair  
  33  2:48  Drone x2  
  35  2:56  Drone x2  
  37  3:06  Overlord  
  37  3:07  Drone x3  
  37  3:10  Extractor, Drone x3  
  37  3:11  Extractor  
  41  3:13  Drone  
  41  3:17  Drone  
  43  3:20  Evolution Chamber  
  43  3:21  Drone  
  43  3:23  Roach Warren  
  42  3:32  Drone x2  
  44  3:35  Extractor  
  44  3:38  Spire  
  44  3:40  Drone  
  43  3:42  Drone  
  43  3:43  Drone x2  
  43  3:44  Drone  
  43  3:45  Drone  
  43  3:47  Drone  
  49  3:49  Drone  
  50  4:01  Overlord  
  50  4:02  Drone  
  51  4:06  Overlord  
  51  4:14  Hatchery  
  50  4:20  Metabolic Boost  
  50  4:23  Zergling x2  
  50  4:24  Zergling x2, Overlord  
  52  4:25  Overlord  
  52  4:28  Drone x2  
  54  4:43  Overseer  
  54  4:50  Mutalisk  
  54  4:51  Mutalisk x5  
  66  4:57  Drone x6  
  72  5:00  Extractor  
  72  5:05  Zerg Melee Weapons Level 1  
  71  5:08  Mutalisk  
  73  5:15  Zergling x8  
  73  5:17  Extractor  
  73  5:20  Zerg Flyer Weapons Level 1  
  76  5:21  Overlord  
  76  5:22  Overlord  
  76  5:24  Overlord  
  76  5:26  Drone  
  78  5:28  Drone  
  78  5:30  Drone  
  79  5:38  Mutalisk  
  79  5:39  Overlord  
  79  5:40  Overlord  
  81  5:43  Drone  
  82  5:52  Mutalisk x3  
  82  5:53  Mutalisk  
  90  6:03  Mutalisk  
  92  6:06  Mutalisk  
  94  6:12  Mutalisk  
  94  6:14  Zergling x12  
  101  6:21  Drone, Hatchery  
  101  6:25  Drone x3  
  104  6:28  Drone  
  104  6:30  Drone x2  
  104  6:31  Drone  
  108  6:36  Drone  
  108  6:37  Drone x2  
  108  6:39  Drone  
  110  6:57  Mutalisk x6  
  119  7:02  Mutalisk  
  119  7:03  Mutalisk  
  119  7:07  Zergling x2  
  122  7:18  Mutalisk x2  
  122  7:20  Mutalisk  
  118  7:25  Zergling x8  
  122  7:30  Overlord  
  122  7:31  Overlord  
  122  7:34  Spine Crawler  
  122  7:35  Spine Crawler  
  122  7:36  Overseer, Spine Crawler  
  119  7:38  Overlord  
  119  7:39  Overlord  
  119  7:40  Overlord  
  119  7:42  Overlord  
  118  7:45  Overlord  
  118  7:47  Overlord  
  118  7:48  Mutalisk x3  
  118  7:50  Mutalisk  
  124  7:52  Zergling x6  
  124  7:54  Mutalisk  
  125  8:01  Zergling x10  
  128  8:06  Zergling x2  
  128  8:08  Zergling x10  
  128  8:10  Zergling x4  
  136  8:13  Zergling x2  
  136  8:14  Zergling x2  
  136  8:17  Zerg Flyer Weapons Level 2  
  138  8:20  Zergling x4  
  138  8:25  Zergling x6  
  143  8:30  Zergling x2  
  143  8:33  Zergling x2  
  143  8:34  Zergling x8  
  147  8:42  Mutalisk x3  
  147  8:46  Mutalisk x2  
  155  8:49  Mutalisk  
  155  8:53  Mutalisk  
  153  8:56  Mutalisk  
  155  9:03  Mutalisk  
  155  9:07  Zergling x14  
  160  9:12  Overlord  
  160  9:14  Overlord  
  160  9:15  Overseer  
  153  9:18  Mutalisk  
  153  9:21  Pneumatized Carapace  
  148  9:30  Overseer  
  146  9:31  Drone x3  
  146  9:32  Drone x2  
  146  9:33  Drone  
  146  9:34  Drone  
  147  9:39  Drone x2  
  147  9:41  Drone x2  
  147  9:43  Drone  
  147  9:45  Drone  
  153  9:49  Drone  
  153  9:52  Drone, Overseer  
  155  9:57  Mutalisk x2  
  159  10:04  Mutalisk  
  159  10:07  Mutalisk x2  
  159  10:10  Drone  
  159  10:11  Zergling x2  
  159  10:12  Zerg Melee Weapons Level 2  
  165  10:17  Mutalisk, Extractor  
  165  10:18  Extractor  
  165  10:20  Mutalisk  
  167  10:27  Mutalisk  
  167  10:28  Drone x4  
  169  10:37  Mutalisk x2  
  169  10:42  Mutalisk  
  166  10:49  Mutalisk  
  162  10:52  Zergling x8  
  162  10:55  Mutalisk  
  165  10:58  Zergling x4  
  165  11:03  Drone  
  162  11:04  Queen x2  
  162  11:06  Queen x2  
  162  11:08  Mutalisk x2  
  162  11:10  Zergling x4  
  176  11:16  Drone x2  
  178  11:19  Mutalisk x2  
  177  11:34  Mutalisk x3  
  177  11:35  Overlord  
  177  11:36  Drone  
  177  11:38  Zergling x2  
  185  11:44  Zergling x4  
  185  11:46  Overseer  
  187  11:47  Zerg Flyer Armor Level 1  
  187  11:53  Zergling x8  
  185  11:59  Mutalisk x2, Spore Crawler  
  187  12:02  Mutalisk x2  
  187  12:07  Baneling Nest  
  190  12:12  Mutalisk  
  192  12:18  Overseer  
  192  12:20  Zergling x14  
  199  12:28  Zerg Ground Armor Level 1  
  199  12:34  Infestation Pit  
  199  12:36  Hatchery  
  197  12:44  Spine Crawler  
  197  12:50  Spine Crawler  
  195  12:54  Centrifugal Hooks  
  195  12:58  Zergling x8  
  195  13:11  Zergling x10  
  195  13:12  Hive  
  200  13:17  Zergling x6  
  200  13:19  Burrow  
  196  13:27  Drone x4  
  200  13:46  Baneling x9  
  200  13:47  Baneling x6  
  200  13:53  Hatchery  
  199  13:59  Drone x2, Evolution Chamber  
  200  14:04  Baneling x5  
  200  14:05  Baneling x4  
  200  14:06  Baneling x18  
  191  14:30  Zergling x2  
  191  14:31  Zergling x40  
  193  14:32  Zergling x18  
  198  14:41  Zergling x4, Ultralisk Cavern  
  198  14:43  Zergling x2  
  197  14:50  Baneling x25  
  197  14:51  Baneling  
  192  14:53  Zergling x2  
  192  14:56  Zergling x2  
Show
View Real Time Build Order
Export as new Build Order

SHIN Zerg 

Build Orders: Hatch First 

Get SALT Encoding   

  12  0:01  Drone  
  13  0:12  Overlord  
  13  0:17  Drone  
  14  0:30  Drone x2  
  16  0:48  Hatchery  
  15  0:51  Drone  
  15  0:55  Drone  
  17  0:57  Drone  
  18  1:09  Extractor  
  17  1:12  Spawning Pool  
  17  1:16  Drone  
  17  1:19  Drone  
  18  1:28  Drone  
  19  1:39  Drone  
  20  1:50  Drone  
  21  1:59  Queen x2  
  21  2:00  Zergling x2, Overlord  
  26  2:11  Drone x2  
  28  2:21  Drone x2  
  30  2:33  Hatchery  
  30  2:35  Drone  
  30  2:38  Drone  
  31  2:45  Queen  
  31  2:50  Overlord  
  32  2:53  Drone  
  32  2:55  Drone x2  
  35  3:04  Overlord  
  35  3:05  Drone  
  36  3:08  Evolution Chamber  
  36  3:09  Drone x4  
  36  3:12  Drone  
  40  3:14  Drone  
  41  3:20  Overlord  
  41  3:21  Drone  
  42  3:28  Roach Warren  
  42  3:29  Drone x2  
  43  3:35  Lair  
  43  3:38  Drone x2  
  43  3:39  Drone  
  46  3:43  Zerg Missile Weapons Level 1  
  46  3:45  Drone  
  47  3:49  Drone  
  47  3:50  Drone, Extractor x2  
  47  3:53  Drone x2  
  49  3:57  Overlord  
  49  3:59  Drone  
  50  4:08  Roach x4  
  58  4:10  Extractor  
  58  4:13  Roach x2  
  58  4:15  Overlord  
  61  4:18  Drone  
  61  4:19  Drone  
  61  4:20  Drone  
  61  4:22  Roach  
  66  4:27  Roach  
  66  4:28  Evolution Chamber  
  67  4:32  Overseer  
  67  4:37  Glial Reconstitution, Overlord  
  67  4:40  Roach  
  69  4:47  Roach x2  
  69  4:49  Overlord  
  69  4:52  Roach x2  
  77  4:53  Roach  
  77  4:57  Drone x2  
  81  5:00  Drone x2  
  81  5:04  Overlord  
  83  5:07  Queen  
  83  5:10  Overlord  
  83  5:13  Overlord  
  85  5:16  Overlord  
  85  5:18  Drone  
  86  5:21  Spore Crawler  
  86  5:23  Spore Crawler  
  86  5:26  Spore Crawler  
  83  5:29  Drone  
  83  5:31  Drone  
  83  5:32  Drone  
  83  5:33  Spore Crawler  
  85  5:37  Infestation Pit, Drone, Roach  
  85  5:41  Queen  
  87  5:48  Burrow  
  87  5:49  Drone  
  88  5:51  Drone  
  88  5:55  Ravager  
  88  5:56  Tunneling Claws  
  88  5:57  Drone x4  
  91  6:01  Queen  
  91  6:03  Drone  
  94  6:05  Drone  
  94  6:06  Drone  
  95  6:14  Overlord  
  95  6:18  Overlord  
  95  6:20  Overlord  
  95  6:22  Overlord  
  95  6:26  Overlord  
  95  6:27  Spore Crawler, Overlord  
  95  6:32  Queen  
  94  6:34  Spore Crawler, Overlord  
  94  6:38  Infestor  
  94  6:39  Infestor x2  
  101  6:42  Infestor  
  101  6:44  Drone x2  
  101  6:45  Drone  
  101  6:46  Drone  
  107  6:50  Spore Crawler  
  104  6:55  Queen  
  104  6:56  Drone  
  104  6:59  Queen  
  101  7:02  Drone x5  
  101  7:08  Queen  
  106  7:10  Spore Crawler  
  102  7:23  Roach  
  102  7:24  Roach  
  102  7:26  Roach  
  102  7:27  Roach x7  
  102  7:29  Roach x5  
  108  7:30  Queen  
  108  7:31  Spore Crawler, Roach x3, Queen  
  108  7:32  Roach  
  108  7:34  Queen  
  108  7:35  Spore Crawler  
  108  7:36  Roach  
  116  7:43  Overlord  
  114  7:45  Spore Crawler, Overlord  
  114  7:50  Overlord x3  
  113  7:51  Overlord  
  113  7:54  Overlord  
  113  7:58  Overlord x2  
  109  8:01  Queen  
  109  8:02  Roach x2  
  107  8:06  Extractor, Roach, Queen  
  107  8:07  Roach x5  
  107  8:11  Drone x3, Spore Crawler  
  113  8:14  Zerg Missile Weapons Level 2  
  113  8:16  Roach  
  113  8:17  Roach  
  113  8:19  Roach  
  118  8:24  Roach  
  118  8:25  Roach x2  
  124  8:27  Infestor  
  124  8:28  Roach x2  
  124  8:29  Roach x5  
  124  8:31  Roach  
  128  8:35  Drone  
  128  8:37  Spore Crawler, Hydralisk Den  
  128  8:38  Roach  
  128  8:41  Infestor  
  128  8:46  Infestor  
  130  8:48  Roach x5  
  130  8:54  Roach x2  
  121  9:03  Roach x5  
  121  9:04  Roach x3  
  121  9:07  Roach x5  
  116  9:11  Roach x7  
  116  9:12  Drone x6  
  116  9:13  Drone x2  
  116  9:15  Drone  
  119  9:25  Drone  
  119  9:27  Spore Crawler  
  119  9:29  Roach  
  119  9:30  Roach  
  123  9:32  Roach  
  123  9:35  Roach  
  123  9:36  Queen  
  117  9:39  Extractor, Infestor  
  117  9:40  Infestor x5, Spore Crawler  
  117  9:41  Spore Crawler  
  117  9:42  Spore Crawler  
  117  9:43  Roach  
  117  9:45  Drone x2  
  107  9:46  Roach x7  
  107  9:51  Roach  
  107  9:52  Hydralisk Den  
  106  9:54  Drone  
  106  9:55  Drone  
  106  9:57  Infestor x6  
  108  10:01  Infestor x6  
  108  10:02  Infestor  
  108  10:03  Spore Crawler  
  107  10:07  Roach x4  
  107  10:08  Roach x2  
  107  10:11  Roach  
  101  10:19  Drone  
  101  10:20  Drone x3  
  105  10:25  Grooved Spines  
  105  10:28  Infestor x6  
  105  10:30  Spore Crawler  
  105  10:31  Roach x2  
  100  10:39  Drone x4  
  97  10:42  Drone  
  97  10:43  Drone  
  91  10:50  Drone x2  
  91  10:51  Infestor x7  
  91  10:53  Hydralisk  
  94  11:01  Roach x2  
  94  11:02  Roach  
  94  11:03  Drone  
  99  11:10  Roach x2  
  103  11:15  Muscular Augments  
  103  11:16  Roach  
  107  11:18  Roach  
  107  11:20  Roach  
  107  11:22  Roach x4  
  111  11:26  Roach  
  111  11:27  Hydralisk  
  112  11:34  Roach x2  
  112  11:38  Hydralisk  
  118  11:42  Infestor  
  118  11:45  Roach x2  
  118  11:46  Spore Crawler, Roach x3  
  117  11:47  Roach  
  117  11:51  Infestor x7  
  117  11:54  Spore Crawler, Roach  
  117  11:56  Hydralisk  
  117  11:59  Roach  
  117  12:00  Drone  
  121  12:03  Drone  
  120  12:08  Hydralisk  
  120  12:11  Extractor  
  120  12:13  Hydralisk, Roach x2  
  120  12:14  Drone  
  122  12:16  Drone  
  122  12:20  Hydralisk  
  122  12:21  Infestor x6  
  125  12:27  Hydralisk  
  125  12:28  Roach x2  
  127  12:31  Hydralisk  
  127  12:36  Overlord  
  125  12:37  Infestor, Drone  
  125  12:39  Drone  
  125  12:42  Hydralisk  
  129  12:47  Hydralisk  
  131  12:51  Extractor  
  131  12:52  Roach x5  
  131  12:57  Hydralisk  
  131  12:58  Hydralisk  
  132  13:02  Hydralisk  
  132  13:03  Infestor x7, Roach  
  132  13:07  Roach  
  132  13:09  Roach  
  138  13:12  Roach  
  138  13:13  Roach x4, Overlord  
  138  13:14  Infestor x7  
  138  13:18  Roach x2  
  142  13:22  Roach  
  142  13:24  Roach  
  142  13:26  Infestor x7  
  146  13:27  Hydralisk  
  146  13:33  Hydralisk  
  140  13:35  Drone x2  
  140  13:39  Hydralisk  
  144  13:42  Drone  
  144  13:46  Hydralisk  
  147  13:55  Hydralisk, Infestor  
  147  13:56  Roach x2  
  147  14:00  Hydralisk  
  155  14:06  Infestor x2, Overlord  
  155  14:08  Roach  
  157  14:10  Overseer  
  157  14:13  Roach  
  157  14:15  Infestor x6  
  155  14:24  Hydralisk  
  155  14:25  Infestor x5, Roach x2  
  155  14:28  Roach  
  145  14:32  Roach  
  147  14:46  Hydralisk  
  147  14:52  Roach  

Tags
 
Add a new tag
Caveats
  • Supply blocks, unpowered buildings, or Contaminate may cause inaccurate times.
  • Supply counts are checked every 10 seconds.